 Dungeon Crawl Stone Soup version 0.31.0-12-g77e489cdc1 (webtiles) character file.

Game seed: 14523364848254491453

2202 Bobsterar the Spear-Bearer (level 9, -11/75 HPs)
             Began as a Ghoul Fighter on Mar 6, 2024.
             Was a Priest of Fedhas.
             Killed by divine providence
             ... invoked by an orc priest
              (16 damage)
             ... on level 7 of the Dungeon.
             The game lasted 00:27:22 (6512 turns).

Bobsterar the Spear-Bearer (Ghoul Fighter)          Turns: 6512, Time: 00:27:25

Health: -11/75     AC: 21    Str: 30    XL:     9   Next: 34%
Magic:  9/9        EV: 11    Int:  7    God:    Fedhas [***...]
Gold:   476        SH:  4    Dex:  8    Spells: 8/8 levels left

rFire   + . .        u - +6 morningstar (protect)
rCold   + . .        c - +0 buckler
rNeg    + + +        m - +1 ring mail {rF+}
rPois   ∞            (no helmet)
rElec   .            (no cloak)
rCorr   .            r - +2 pair of gloves
SInv    .            (no boots)
Will    .....        (no amulet)
Stlth   +            v - +4 ring of protection
HPRegen 0.00/turn    e - +6 ring of strength
MPRegen 0.11/turn

%: no passive effects
@: under a protective aura, inhibited regen
A: claws 1, cold resistance 1, negative energy resistance 3, inhibited
regeneration, torment resistance 2, devour on kill
a: Renounce Religion, Wall of Briars, Grow Ballistomycete


You were on level 7 of the Dungeon.
You worshipped Fedhas.
Fedhas was most pleased with you.
You visited 1 branch of the dungeon, and saw 7 of its levels.
You also visited: Sewer.

You collected 476 gold pieces.

Inventory:

Hand Weapons
 a - a +0 trident
 u - a +6 morningstar of protection (weapon)
 w - a +0 trident
Armour
 b - a +0 scale mail
 c - a +0 buckler (worn)
 j - a scarf of invisibility
 m - a +1 ring mail of fire resistance (worn)
 r - a +2 pair of gloves (worn)
 B - +0 acid dragon scales
Jewellery
 d - a ring of flight
 e - a +6 ring of strength (right hand)
 f - a ring of ice
 v - a +4 ring of protection (left hand)
Talismans
 o - a serpent talisman
 p - a dragon-blood talisman
Wands
 s - a wand of mindburst (9)
Scrolls
 g - 5 scrolls of teleportation
 h - a scroll of vulnerability
 i - 4 scrolls of torment
 y - a scroll of enchant armour
 z - a scroll of brand weapon
Potions
 k - 2 potions of enlightenment
 x - a potion of berserk rage {unknown}
 A - a potion of cancellation {unknown}
 D - a potion of invisibility {unknown}


   Skills:
 + Level 5.8 Fighting
 + Level 8.0 Polearms
 + Level 5.6 Armour
 + Level 3.1 Dodging
 + Level 1.6 Stealth
 + Level 3.8 Shields


You had 8 spell levels left.
You didn't know any spells.
Your spell library contained the following spells:

 Spells                   Type           Power      Damage    Failure   Level
 Freeze                   Ice            0%         1d3       58%         1
 Magic Dart               Conj           0%         1d3       58%         1
 Blink                    Tloc           0%         N/A       75%         2
 Call Imp                 Summ           0%         N/A       75%         2
 Passage of Golubria      Tloc           0%         N/A       100%        4
 Silence                  Hex/Air        0%         N/A       100%        5
 Lehudib's Crystal Spear  Conj/Erth      0%         10d2      100%        8


Dungeon Overview and Level Annotations

Branches:
Dungeon (7/15)             Temple (0/1) D:4           Sewer (visited)

Altars:
Fedhas
Trog

Shops:
D:2 *   D:3 =

Annotations:
D:7 Jeremiah, Joseph


Innate Abilities, Weirdness & Mutations

You are immune to poison.
You have sharp fingernails.
Your flesh is cold resistant. (rC+)
You are immune to negative energy. (rN+++)
You do not regenerate when monsters are visible.
You are immune to unholy pain and torment.
You thrive by killing the living.


Message History

Press: ? - help, Q - select action, (/) - cycle Shift-Dir - straight line, f - orc
Aim: an orc, wielding a +0 club (chance to affect: 79%)
The orc's mind is blasted!!
You blow up the orc!
Fedhas appreciates your contribution to the ecosystem.
You hear a shout!
An orc priest comes into view. It is wielding a +0 trident.
Aiming: Mindburst
Press: ? - help, Q - select action, (/) - cycle Shift-Dir - straight line, f - orc priest
Aim: an orc priest, wielding a +0 trident (chance to affect: 64%)
The orc priest struggles to resist.
Aiming: Mindburst
Press: ? - help, Q - select action, (/) - cycle Shift-Dir - straight line, f/p - orc priest
Aim: an orc priest, wielding a +0 trident (chance to affect: 64%) Something's mind is blasted!!
Fedhas appreciates your contribution to the ecosystem.
You feel better.
Reactivating autopickup.
You feel a bit more experienced.
The orc priest calls down the wrath of Beogh upon you.
Beogh smites you!
* * * LOW HITPOINT WARNING * * *
The orc priest casts a cantrip, but nothing happens.
A water moccasin comes into view.
The water moccasin hisses angrily.
The water moccasin closely misses you.
You miss the water moccasin.
The water moccasin bites you but does no damage. x2
You bludgeon the water moccasin!!
Your weapon exudes an aura of protection.
The water moccasin is severely wounded.
The water moccasin bites you but does no damage. x2
You hit the water moccasin.
The water moccasin is almost dead.
You block the water moccasin's attack.
The water moccasin bites you but does no damage.
The orc priest invokes the aid of Beogh against you.
Beogh smites you!
You die...
Fedhas appreciates your contribution to the ecosystem.

#############
......S@.o..#
###########.#
##### #.#
#...# #.#
#...# #.#
#...# #.#
##...#
#o#######.....
#............#
#>########...#


You could see a water moccasin and an orc priest.

Vanquished Creatures
  Maggie (D:7)
  Prince Ribbit (D:7)
  Grinder (D:6)
  Sigmund (D:3)
  3 ice beasts
  2 ogres
  2 phantoms
  A kobold brigand (Sewer)
  2 scorpions
  A hound (D:5)
  4 orc priests
  A jelly (D:5)
  4 orc wizards
  7 gnolls
  3 river rats (Sewer)
  8 adders
  A shadow imp (D:7)
  A white imp (D:6)
  2 dart slugs
  3 ribbon worms (Sewer)
  13 orcs
  12 endoplasms
  8 giant cockroaches
  10 goblins
  9 hobgoblins
  4 jackals (D:1)
  2 quokkas (D:2)
  10 ball pythons
  6 bats
  2 frilled lizards (D:1)
  19 kobolds
  15 rats
159 creatures vanquished.

Vanquished Creatures (others)
  A bullfrog (D:7)
  A sleepcap (D:6)
  3 orcs (D:7)
5 creatures vanquished.

Grand Total: 164 creatures vanquished

Notes
Turn   | Place    | Note
-------+----------+-------------------------------------------
     0 | D:1      | Bobsterar the Ghoul Fighter began the quest for the Orb.
     0 | D:1      | Reached XP level 1. HP: 19/19 MP: 1/1
   114 | D:1      | Reached XP level 2. HP: 26/26 MP: 2/2
   311 | D:1      | Reached skill level 2 in Polearms
   520 | D:1      | Reached XP level 3. HP: 31/31 MP: 3/3
   885 | D:2      | Reached XP level 4. HP: 5/38 MP: 4/4
  1022 | D:2      | Found Umny's Assorted Antiques.
  1256 | D:2      | Found a faded altar of an unknown god.
  1263 | D:2      | Got Plato's Vellum of Firn
  1264 | D:2      | Prayed at the altar of an unknown god.
  1264 | D:2      | Became a worshipper of Fedhas Madash
  1264 | D:2      | Reached * piety under Fedhas
  1429 | D:2      | Reached skill level 3 in Polearms
  1439 | D:2      | Reached XP level 5. HP: 14/46 MP: 5/5
  1680 | D:3      | Found Jauschos's Jewellery Boutique.
  1723 | D:3      | Noticed Sigmund
  2207 | D:3      | Found a bloodstained altar of Trog.
  2299 | D:3      | Reached ** piety under Fedhas
  2505 | D:3      | Killed Sigmund
  2506 | D:3      | Reached skill level 1 in Dodging
  2506 | D:3      | Reached XP level 6. HP: 26/52 MP: 6/6
  2685 | D:4      | Found a staircase to the Ecumenical Temple.
  2689 | D:4      | Reached skill level 4 in Polearms
  3217 | D:4      | Reached XP level 7. HP: 57/59 MP: 7/7
  3634 | D:5      | Entered Level 5 of the Dungeon
  3674 | D:5      | Reached skill level 5 in Polearms
  3851 | D:5      | Reached skill level 1 in Stealth
  3929 | D:5      | Reached XP level 8. HP: 57/67 MP: 8/8
  4258 | D:5      | Reached skill level 6 in Polearms
  4258 | D:5      | Reached skill level 5 in Armour
  4518 | D:6      | Noticed Grinder
  4535 | D:6      | Paralysed by Grinder for 5 turns
  4541 | D:6      | Killed Grinder
  4542 | D:6      | Reached skill level 5 in Fighting
  4677 | D:6      | Found a glowing drain.
  4681 | Sewer    | Entered a sewer
  4975 | Sewer    | Reached *** piety under Fedhas
  5683 | D:7      | Reached skill level 7 in Polearms
  5765 | D:7      | Noticed Prince Ribbit
  5783 | D:7      | Killed Prince Ribbit
  5784 | D:7      | Reached XP level 9. HP: 38/74 MP: 9/9
  6073 | D:7      | Noticed Maggie
  6095 | D:7      | Killed Maggie
  6412 | D:7      | Noticed Joseph
  6414 | D:7      | Noticed Jeremiah
  6418 | D:7      | Reached skill level 8 in Polearms
  6512 | D:7      | Killed from afar by an orc priest

Illustrated notes

Levels and vault maps discovered:
D:1:      grunt_arrival_lava_bath, layout_basic
D:2:      layout_rooms, serial_shops, nicolae_shop_tiny_glass,
          shapermc_ecumenical_altar_rom_forum
D:3:      layout_rooms, trog_hazing_becter, serial_shops,
          nicolae_shop_advertising_works [nicolae_subvault_shop_adworks],
          uniq_sigmund
D:4:      layout_loops_cross, minmay_temple_entry_proselytizer
D:5:      layout_cave_pools
D:6:      layout_loops_ring, gup_sewer_entry_bowl, serial_glass,
          glass_columns_a, glass_columns_a, uniq_grinder
D:7:      layout_basic, regret_index_kikubaaqudgha_part_by_part, uniq_jeremiah,
          uniq_prince_ribbit1, uniq_maggie, uniq_joseph

Skill      XL: |  1  2  3  4  5  6  7  8  9 |
---------------+----------------------------+-----
Armour         | 3 4 5 |  5.6
Polearms       | 2 3 4 5 7 8 |  8.0
Shields        | 3 |  3.8
Fighting       | 4 5 |  5.8
Dodging        | 1 2 3 |  3.1
Stealth        | 1 |  1.6

Action                     |  1- 3 |  4- 6 |  7- 9 || total
---------------------------+-------+-------+-------++-------
  Melee: Trident           |   160 |   230 |   390 ||   780
         Morningstar       |       |       |     9 ||     9
  Evoke: Wand              |       |       |     6 ||     6
    Use: Potion            |     1 |     8 |     3 ||    12
         Scroll            |       |     7 |     9 ||    16
 Armour: Scale mail        |   150 |   127 |       ||   277
         Ring mail         |       |    14 |   198 ||   212
  Dodge: Dodged            |    88 |    93 |   131 ||   312
  Block: Buckler           |    35 |    38 |    30 ||   103
